 Dungeon Crawl Stone Soup version 0.26-a0-858-gbf766624f9 (webtiles) character file.

Game seed: 707627026121360243

44 marklar909 the Vandal (level 3, -4/24 HPs)
             Began as a Halfling Hunter on Nov 24, 2020.
             Slain by an iguana (7 damage)
             ... on level 3 of the Dungeon.
             The game lasted 00:01:53 (1798 turns).

marklar909 the Vandal (Halfling Hunter)             Turns: 1798, Time: 00:01:54

Health: -4/24      AC:  4    Str: 14    XL:     3   Next: 85%
Magic:  3/3        EV: 14    Int:  9    God:
Gold:   113        SH:  0    Dex: 14    Spells: 2/2 levels left

rFire    . . .     SeeInvis .   n - -1 hunting sling (curse)
rCold    . . .     Faith    .   (shield restricted)
rNeg     . . .     Spirit   .   c - +1 leather armour
rPois    .         Reflect  .   (no helmet)
rElec    .         Harm     .   (no cloak)
rCorr    .         Rampage  .   (no gloves)
MR       .....                  (no boots)
Stlth    +.........             (no amulet)
HPRegen  0.08/turn              (no ring)
MPRegen  0.08/turn              (no ring)

@: no status effects
A: small, mutation resistance 1
a: no special abilities


You were on level 3 of the Dungeon.
You visited 1 branch of the dungeon, and saw 3 of its levels.

You collected 113 gold pieces.

Inventory:

Hand Weapons
 a - a +1 hunting sling
 b - a +0 short sword
 n - a cursed -1 hunting sling (weapon)
Missiles
 d - 42 sling bullets (quivered)
 h - 18 stones
Armour
 c - a +1 leather armour (worn)
Scrolls
 e - 2 scrolls of teleportation
 i - 2 scrolls of identify
Potions
 g - 3 potions of curing {unknown}
 j - a potion of magic {unknown}
 k - a potion of lignification {unknown}
 l - a potion of flight {unknown}
 m - a potion of brilliance {unknown}
 p - a potion of heal wounds {unknown}


   Skills:
 + Level 2.1 Fighting
 + Level 7.3 Slings
 + Level 0.2 Armour
 + Level 2.2 Dodging
 + Level 1.1 Stealth


You had 2 spell levels left.
You didn't know any spells.
Your spell library was empty.

Dungeon Overview and Level Annotations

Branches:
Dungeon (3/15)

Altars:
Hepliaklqana
Vehumet

Annotations:
D:2 Sigmund


Innate Abilities, Weirdness & Mutations

You are small and have problems with some larger weapons.
You are somewhat resistant to further mutation.


Message History

The sling bullet hits the iguana but does no damage.
The iguana is lightly wounded.
The iguana bites you!
You shoot a sling bullet.
The sling bullet hits the iguana but does no damage.
The iguana is lightly wounded.
Unknown command.
You shoot a sling bullet. The sling bullet hits the iguana.
The iguana is heavily wounded.
The iguana bites you.
Unknown command.
You are too injured to fight recklessly!
Unknown command.
You are too injured to fight recklessly!
Unknown command.
Unknown command.
The iguana bites you.
* * * LOW HITPOINT WARNING * * *
The iguana bites you!
You die...

)...## . .....
..# ###...#
...## .....#
#.##..##....####
.>..............
#.####..(....#.
#.l...#.#..#
#@#####.# .# #.#
# #.# #.#
#.#########
#.........#
#########.# #.#
#<#


You could see an iguana.

Vanquished Creatures
  An adder (D:2)
  2 worms (D:2)
  A dart slug (D:2)
  An orc (D:3)
  4 bats
  3 giant cockroaches
  5 hobgoblins
  2 ball pythons
  2 frilled lizards
  2 goblins
  2 rats
25 creatures vanquished.

Notes
Turn   | Place    | Note
-------+----------+-------------------------------------------
     0 | D:1      | marklar909 the Halfling Hunter began the quest for the Orb.
     0 | D:1      | Reached XP level 1. HP: 14/14 MP: 1/1
    17 | D:1      | Reached skill level 6 in Slings
   167 | D:1      | Reached XP level 2. HP: 19/19 MP: 2/2
   817 | D:2      | Found a radiant altar of Vehumet.
   853 | D:2      | Reached skill level 7 in Slings
   853 | D:2      | Reached XP level 3. HP: 13/24 MP: 3/3
  1426 | D:2      | Noticed Sigmund
  1435 | D:2      | Found a hazy altar of Hepliaklqana.
  1798 | D:3      | Slain by an iguana

Illustrated notes

Levels and vault maps discovered:
D:1:      ncdulo_wetmaze, layout_basic, serial_curves, eino_curves_03,
          eino_curves_01, eino_curves_01, eino_curves_03
D:2:      layout_loops_ring, lemuel_crystal_altar, vehumet_crystals,
          uniq_sigmund
D:3:      kennysheep_the_goblin_king, layout_basic, marbit_many_paths,
          chequers_ecumenical_altar_lobes, grunt_ministairs_7

Skill      XL: |  1  2  3 |
---------------+----------+-----
Slings         | 6 7 |  7.3
Fighting       | 2 |  2.1
Armour         | |  0.2
Dodging        | |  2.2
Stealth        | |  1.1

Action                   || total
-------------------------++-------
 Fire: Hunting sling     ||   119
  Use: Scroll            ||     6
Armor: Leather armour    ||     6
Dodge: Dodged            ||    27

Table legend: (Time is in decaauts)
 A = Elapsed time spent in this place.
 B = Non-inter-level travel time spent in this place.
 C = Inter-level travel time spent in this place.
 D = Time resting spent in this place.
 E = Time spent auto-exploring this place.
 F = Levels seen in this place.
 G = Mean time per level.
                   A        B        C        D        E       F      G
               +--------+--------+--------+--------+--------+-----+--------+
         Total |   1784 |   1606 |    178 |    209 |   1193 |   3 |  594.7 |
       Dungeon |   1784 |   1606 |    178 |    209 |   1193 |   3 |  594.7 |
               +--------+--------+--------+--------+--------+-----+--------+

Top non-repeatable levels by time:
     D:1: 992 daAuts
     D:2: 762 daAuts
     D:3: 29 daAuts
